[Event "*** Titled Tuesday Blitz"]
[Site "Chess.com"]
[Date "2019.11.05"]
[Round "3"]
[White "Sanan_Sjugirov"]
[Black "RiskyDecision"]
[Result "1/2-1/2"]
[WhiteElo "2961"]
[BlackElo "2523"]
[TimeControl "180+2"]
[EndTime "13:41:29 PST"]
[Termination "Game drawn - insufficient material"]

1. Nf3 f5 2. d3 Nc6 3. d4 e6 4. g3 Nf6 5. Bg2 d6 6. O-O e5 7.
c4 Be7 8. Nc3 O-O 9. d5 Nb8 10. Ng5 Na6 11. e4 Nc5 12. exf5 Bxf5 13. b4 Nd3 14. a3 Nxc1 15. Rxc1 a5 16. Ne6 Bxe6 17. dxe6 axb4 18. axb4 c6 19. b5 Qb6 20. Rb1 Qc5 21. bxc6 bxc6 22. Na4 Qxc4 23. Nb6 Qxe6 24. Nxa8 Rxa8 25. Bxc6 Rc8 26. Bg2 d5 27. Qb3 Rd8 28.
Qb6 Qxb6 29. Rxb6 Kf7 30. Rb7 e4 31. Rd1 d4 32. Bf1 d3 33. f3 exf3 34. Rxd3 Rxd3 35.
Bxd3 Kf8 36. Rc7 Ng4 37. h3 Ne5 38. Be4 Bf6 39. Kf2 h6 40. Bxf3 Nd3+ 41. Kg2 Ne5 42.
Be4 Ke8 43. Rc8+ Ke7 44. Rc2 Ke6 45. Re2 Be7 46. Ra2 Bf6 47. Bc2 Ke7 48. Bb3 Kd6 49.
Ra6+ Ke7 50. h4 Kd7 51. Kh3 Ke7 52.
Bd1 Kf7 53. Bh5+ Ke7 54. Be2 Kf7 55. g4 Ke7 56. Ra7+ Ke6 57. Ra6+ Ke7 58. Ra5 Ng6 59. Ra7+ Kd6 60. Ra6+ Ke7 61. Bd3 Nf4+ 62. Kg3 Nxd3 63. Ra7+ Ke6 64. Ra6+ Ke5 65. Ra5+ Ke4 66. g5 hxg5 67.
hxg5 Be5+ 68. Kg4 Nf2+ 69. Kh5 Nd3 70. Kg6 Nf4+ 71. Kf7 Nh3 72. Rxe5+ Kxe5 73. Kxg7 Nxg5 1/2-1/2

[Event "*** Titled Tuesday Blitz"]
[Site "Chess.com"]
[Date "2019.11.05"]
[Round "3"]
[White "DrRiebert"]
[Black "Heineccius"]
[Result "1-0"]
[WhiteElo "2405"]
[BlackElo "2583"]
[TimeControl "180+2"]
[EndTime "13:41:50 PST"]
[Termination "DrRiebert won by resignation"]

1. e4 c5 2. Nf3 e6 3. d4 cxd4 4. Nxd4 a6 5. Nc3 Qc7 6. g3 Bb4 7. Bd2 Nf6 8. Bg2 Nc6 9. Nxc6 dxc6 10. O-O Be7 11. f4 e5 12. f5 Bc5+ 13. Kh1 h5 14.
Bf3 b5 15. Bg5 Bb7 16. Bxf6 gxf6 17. a4 h4 18. g4 h3 19. Qe1 Ke7 20. Nb1 Rad8 21.
Nd2 Bb4 22. c3 Bc5 23. Nb3 Bb6 24. Qe2 Qd7 25. Rfd1 Qc8 26. c4 Rxd1+ 27. Qxd1 Rd8 28. Qf1 Be3 29. c5 Qd7 30. Rd1 Qc7 31. a5 Rxd1 32.
Bxd1 Qd7 33. Bc2 Bf4 34. Qxh3 Bc8 35. Qd3 Qc7 36. h4 Bd7 37. Kg2 Qc8 38. Qd6+ Ke8 39. Qxf6 Qc7 40. g5 Bc8 41. Qh8+ Ke7 42. g6 fxg6 43. Qg7+ Kd8 44. Qf8+ Kd7 45. fxg6 Qd8 46. Qd6+ Ke8 47. Qxd8+ Kxd8 48. Bd1 Be6 49. Na1 Ke7 50. Nc2 Kf6 51. h5 Bb3 52. Nb4 Bxd1 53. Nxa6 Bd2 54. Nb8 Bxa5 55. Nxc6 Bc7 56. Na7 Bxh5 57. Nxb5 Bd8 58.
Nd6 Bxg6 59. b4 Ke6 60. Kf3 Be7 61. Nc4 Bh5+ 62. Ke3 Bg5+ 63. Kd3 Be8 64. Na3 Bd7 65. Kc2 Be7 66. Kc3 Be8 67. Kc4 Bh5 68. b5 Be2+ 69. Kb4 Kd7 70. Nb1 Bd3 71. Nc3 Bf8 72. Nd5 Kc8 73. Nf6 Be7 74. Nd5 Bd8 75. Nc3 Kb7 76.
c6+ Ka7 77. Kc5 Bb6+ 78. Kd6 Bd4 79. c7 Bxc3 80. c8=Q Ba5 81. Qa6+ 1-0

[Event "*** Titled Tuesday Blitz"]
[Site "Chess.com"]
[Date "2019.11.05"]
[Round "3"]
[White "Gubajdullin"]
[Black "FrenchMonster2002"]
[Result "1-0"]
[WhiteElo "2619"]
[BlackElo "2409"]
[TimeControl "180+2"]
[EndTime "13:41:59 PST"]
[Termination "Gubajdullin won by resignation"]

1. d4 Nf6 2. Bf4 g6 3. e3 Bg7 4. Nf3 O-O 5. Be2 c5 6. O-O b6 7. h4 Bb7 8. a4 a6 9. Nc3 d6 10. dxc5 bxc5 11. Nd2 Nbd7 12. a5 e5 13. Bh2 d5 14. h5 d4 15. Na4 Nd5 16. hxg6 hxg6 17. Nc4 Qe7 18. Bf3 f5 19. Bxd5+ Bxd5 20. Ncb6 Nxb6 21.
Nxb6 Rad8 22. Nxd5 Rxd5 23. Qe2 Qe6 24. e4 Rd7 25. b3 f4 26. f3 g5 27. Rfb1 Rf6 28.
Qc4 Bf8 29. Ra4 g4 30. fxg4 Kg7 31. Qxe6 Rxe6 32. Rd1 Rg6 33. Kf2 Rxg4 34. g3 fxg3+ 35. Bxg3 Rxe4 36. Rg1 Kf7 37. Raa1 Bh6 38. Rh1 Bg7 39.
Rh7 Rg4 40. Bxe5 Ke6 41. Bxg7 Rdxg7 42. Re1+ Kd5 43. Rh5+ R7g5 44. Rxg5+ Rxg5 45. Re8 Rh5 46. Ke2 Rh2+ 47. Kd3 Rh3+ 48. Kd2 Rh2+ 49. Kc1 Rh6 50. Rb8 c4 51. Rd8+ Kc5 52. Rc8+ Kb5 53. Rxc4 Rd6 54. Kd2 Kxa5 55. Kd3 Kb5 56. Rxd4 Rh6 57. Rf4 a5 58. Kc3 Rc6+ 59. Kb2 Rh6 60. Ka3 Rh2 61. c4+ Kb6 62. Rf6+ Kc5 63. Ra6 Kd4 64. Rxa5 Rh1 65. Ka4 Kc3 66. b4 Kxc4 67. Rc5+ Kd4 68. Kb5 Rb1 69. Rc8 Kd5 70. Rd8+ Ke6 71. Rd2 Ke7 72. Kc5 Rc1+ 73. Kb6 Rb1 74. b5 Rc1 75. Ka7 Ra1+ 76.
Kb7 Rb1 77. b6 Rc1 78. Ka7 Ra1+ 79. Kb8 Rb1 80. b7 Rc1 81. Rd4 Rb1 82. Kc7 Rc1+ 83.
Kb6 Rb1+ 84. Kc6 Rb3 85. Rd5 Rc3+ 86. Rc5 Rb3 87. Rb5 Rc3+ 88. Kd5 Rd3+ 89. Ke4 1-0

[Event "*** Titled Tuesday Blitz"]
[Site "Chess.com"]
[Date "2019.11.05"]
[Round "3"]
[White "Walter_White_Poland"]
[Black "xamax2000"]
[Result "1/2-1/2"]
[WhiteElo "2324"]
[BlackElo "2576"]
[TimeControl "180+2"]
[EndTime "13:42:10 PST"]
[Termination "Game drawn by 50-move rule"]

1. e4 c5 2. Nf3 d6 3. d4 cxd4 4.
Nxd4 Nf6 5. Nc3 a6 6. Bg5 e6 7. f4 Nbd7 8. Qf3 Qc7 9. O-O-O b5 10. e5 Bb7 11. Qh3 dxe5 12. Nxe6 fxe6 13. Qxe6+ Be7 14.
Bxb5 O-O-O 15. Qxe7 axb5 16. Nxb5 Qc5 17. Qxc5+ Nxc5 18. Rxd8+ Rxd8 19. fxe5 Nce4 20. exf6 Nxg5 21. fxg7 Rg8 22.
Nd6+ Kc7 23. Nxb7 Kxb7 24. h4 Nf7 25. g4 Rxg7 26. g5 h6 27. gxh6 Nxh6 28. h5 Rg5 29.
b3 Kc6 30. a4 Kc5 31. Rh3 Kb4 32. Kb2 Rf5 33. Rh4+ Kc5 34. b4+ Kb6 35. Kb3 Rf1 36. a5+ Kc6 37. Re4 Nf5 38. c3 Rh1 39. Re5 Nd6 40. Rg5 Rh3 41. a6 Nb5 42. Rg6+ Kc7 43. Rg7+ Kb6 44. Rg6+ Ka7 45. Ka4 Nxc3+ 46. Kb3 Nd5+ 47.
Kc4 Nb6+ 48. Kd4 Rxh5 49. Kc3 Kxa6 50. Kb3 Rh3+ 51. Kc2 Kb5 52. Rg4 Nd5 53. Kd2 Nxb4 54. Ke2 Kc5 55. Rg5+ Nd5 56. Kd2 Kd6 57. Ke2 Ke6 58.
Kd2 Kd6 59. Ke2 Kc5 60. Kd2 Kd4 61. Rg4+ Ke5 62. Rg5+ Ke4 63. Rg4+ Nf4 64. Kc2 Rh8 65. Rg7 Rc8+ 66. Kd2 Ra8 67. Rd7 Nd5 68. Kc2 Kd4 69.
Rd6 Ra2+ 70. Kb3 Ra1 71. Rd8 Rh1 72. Rd7 Rh3+ 73. Kb2 Kc4 74. Rd8 Rh2+ 75. Kc1 Ne3 76. Rc8+ Kd3 77. Rd8+ Kc3 78. Rc8+ Nc4 79. Kd1 Ra2 80. Ke1 Kd3 81. Kf1 Rc2 82. Rd8+ Ke4 83. Re8+ Ne5 84. Rf8 Ke3 85. Re8 Kf3 86. Ke1 Nc4 87.
Rf8+ Ke4 88. Re8+ Ne5 89. Kd1 Rh2 90. Kc1 Kd4 91. Rd8+ Kc3 92. Rc8+ Nc4 93. Kd1 Kd3 94. Ke1 Re2+ 95. Kf1 Nd2+ 96. Kg1 Ke3 97. Re8+ Ne4 98. Kf1 Ra2 99. Kg1 Kf3 100. Rf8+ Kg4 101. Kf1 Ng5 102. Ke1 Nf3+ 103. Kd1 Kg3 1/2-1/2

[Event "*** Titled Tuesday Blitz"]
[Site "Chess.com"]
[Date "2019.11.05"]
[Round "3"]
[White "pedro_gines"]
[Black "TigranLPetrosyan"]
[Result "1-0"]
[WhiteElo "2523"]
[BlackElo "2885"]
[TimeControl "180+2"]
[EndTime "13:42:23 PST"]
[Termination "pedro_gines won by resignation"]

1. Nf3 g6 2. d4 Bg7 3. c4 d6 4. Nc3 Nd7 5. e4 e5 6. Be3 Ngf6 7. Be2 Ng4 8. Bg5 f6 9. Bd2 O-O 10. O-O c6 11. d5 c5 12. Ne1 Nh6 13. Nd3 f5 14. f4 exf4 15. Bxf4 fxe4 16. Nxe4 Nf5 17. Nxd6 Bd4+ 18. Kh1 Ne3 19. Bxe3 Bxe3 20. Bg4 Nf6 21. Nxc8 Nxg4 22. Qxg4 Rxf1+ 23. Rxf1 Qxc8 24. Qxc8+ Rxc8 25. g3 Bd4 26. b3 a6 27. Kg2 b5 28. Nf4 bxc4 29.
bxc4 Be5 30. Ne6 Bd6 31. Rb1 Kf7 32. Rb7+ Kf6 33. Rb6 Ke5 34. Ng5 Bf8 35. d6 Bxd6 36.
Nf7+ Kd4 37. Nxd6 Ra8 38. Kf3 a5 39. Kg4 h6 40. h4 a4 41. Nf7 h5+ 42. Kg5 Kxc4 43.
Rxg6 Kd5 44. Kxh5 c4 45. Rg5+ Ke6 46. Ne5 c3 47. Nf3 Rc8 48. Nd4+ Kd6 49. Nb5+ Ke6 50. Nd4+ Kd6 51. Rg6+ Kd5 52. Nc2 Re8 53. Ra6 Re2 54. Nb4+ Kc4 55. a3 Kb3 56. Rc6 Kxa3 57. Nd5 c2 58.
Kg6 Kb2 59. Nb4 a3 60. h5 a2 61. Nxa2 Kxa2 62. g4 Re6+ 63. Rxe6 c1=Q 64. g5 Qc2+ 65. Kg7 Qf5 66. Rg6 Qd7+ 67. Kg8 Qe8+ 68. Kg7 Qe7+ 69.
Kg8 Qe4 70. Kg7 Qe5+ 71. Kf7 Qd5+ 72. Kf8 Qc5+ 73. Kg7 Qc3+ 74. Kh7 Qc7+ 75. Rg7 Qe5 76. h6 Kb3 77. g6 Kc4 78. Kh8 Kd5 79. Kg8 Qe8+ 80.
Kh7 Ke6 81. Rf7 Qd8 82. Kg7 Qd4+ 83. Kg8 Qd8+ 84. Rf8 Qg5 85. Kg7 Qe5+ 86. Kh7 Ke7 87. g7 Qe4+ 88. Kh8 Qg6 89. h7 Qh6 90. Rf1 Qh3 91.
Re1+ Kd6 92. Rd1+ Ke7 93. g8=Q 1-0

[Event "*** Titled Tuesday Blitz"]
[Site "Chess.com"]
[Date "2019.11.05"]
[Round "3"]
[White "Lestofante90"]
[Black "kleinebeer98"]
[Result "1/2-1/2"]
[WhiteElo "2855"]
[BlackElo "2684"]
[TimeControl "180+2"]
[EndTime "13:42:59 PST"]
[Termination "Game drawn by repetition"]

1. Nf3 Nf6 2. c4 c5 3. Nc3 Nc6 4. e3 g6 5. d4 cxd4 6. exd4 d5 7.
cxd5 Nxd5 8. Qb3 e6 9. Bb5 Bg7 10. Bg5 Qa5 11. Bd2 Qd8 12. O-O O-O 13. Bxc6 bxc6 14.
Ne4 Qb6 15. Qa3 a5 16. Rac1 Rd8 17. Ne5 Qxd4 18. Nxc6 Qxe4 19. Nxd8 Bf6 20. Qd6 Ba6 21.
Rfe1 Qf5 22. Qc6 Rxd8 23. Qxa6 Bd4 24. Qe2 Bxb2 25. Bxa5 Bxc1 26. Bxd8 Ba3 27. Qe4 Qh5 28. Qc4 Bb4 29. Rb1 Bf8 30. a4 Qf5 31. Rd1 Nf4 32.
h3 Qe5 33. Bb6 Bd6 34. Kf1 Nd5 35. Bd4 Qh5 36. Rc1 Bf8 37. Bc5 Nf4 38. Qxf4 Bxc5 39. Qb8+ Bf8 40. Qb5 Qh6 41. Rb1 Qf4 42. Kg1 Bd6 43.
g3 Qe4 44. a5 Bc5 45. a6 Qf5 46. Qb8+ Kg7 47. Qb2+ e5 48. Rc1 Bd4 49. Qe2 Qg5 50. Rc2 Qxg3+ 51. Kf1 Qxh3+ 52. Ke1 Bc3+ 53. Rxc3 Qxc3+ 54.
Kf1 Qa1+ 55. Kg2 h5 56. Qb5 Qd4 57. Qb7 Qg4+ 58. Kf1 Qd1+ 59. Kg2 Qg4+ 60. Kh2 Qf4+ 61. Kg1 Qc1+ 62. Kg2 Qg5+ 63. Kf1 Qc1+ 64. Ke2 Qc4+ 65. Kd2 Qa2+ 66. Kc3 Qa3+ 67. Kc4 Qa4+ 68. Kd5 Qd4+ 69.
Kc6 Qc4+ 70. Kd7 Qd4+ 71. Kc8 Qc5+ 72. Qc7 Qf8+ 73. Kd7 h4 74. a7 Qa8 75. Qxe5+ f6 76.
Qe7+ Kh6 77. Ke6 Qe4+ 78. Kf7 Qc4+ 79. Kxf6 Qd4+ 80. Ke6 Qe4+ 81. Kd7 Qb7+ 82. Ke8 Qa8+ 83. Kf7 Qd5+ 84. Kf8 Qa8+ 85. Kf7 Qd5+ 86. Qe6 Qb7+ 87. Qe7 Qb3+ 88. Ke8 Qa4+ 89. Qd7 Qe4+ 90. Kd8 Qa8+ 91. Ke7 Qe4+ 92. Kd6 Qd4+ 93. Ke6 Qe4+ 94. Kf7 Qc4+ 95. Ke7 Qe4+ 96. Qe6 Qb7+ 97. Qd7 Qe4+ 1/2-1/2

[Event "*** Titled Tuesday Blitz"]
[Site "Chess.com"]
[Date "2019.11.05"]
[Round "3"]
[White "PlotnikovPavel"]
[Black "Astaneh"]
[Result "1/2-1/2"]
[WhiteElo "2446"]
[BlackElo "2627"]
[TimeControl "180+2"]
[EndTime "13:43:06 PST"]
[Termination "Game drawn by repetition"]

1. d4 Nf6 2. Nf3 g6 3. e3 Bg7 4.
Be2 O-O 5. O-O d6 6. c4 Nc6 7.
a3 e5 8. b4 exd4 9. exd4 Bg4 10.
Bb2 Re8 11. h3 Bf5 12. d5 Nxd5 13. cxd5 Bxb2 14. Ra2 Qf6 15. Bb5 a6 16. dxc6 axb5 17. cxb7 Rab8 18. Qd2 Be5 19. Nxe5 Qxe5 20. Nc3 Rxb7 21.
Rc1 c5 22. Qg5 cxb4 23. Re2 bxc3 24. Rxe5 Rxe5 25. Rxc3 Kg7 26. Rf3 h6 27. Qf4 h5 28.
g4 hxg4 29. hxg4 Re4 30. Qxd6 Rxg4+ 31. Kf1 Re4 32. Qc5 b4 33. axb4 Rbxb4 34. Qc3+ Kg8 35.
Rd3 Rb1+ 36. Kg2 Rg4+ 37. Kf3 Bxd3 38. Kxg4 Bf5+ 39. Kg3 Rd1 40. Qc7 Rd7 41. Qb8+ Kg7 42. Qb2+ f6 43. f3 g5 44. Kf2 Bg6 45. Qb6 Re7 46.
Qd4 Bf7 47. Kg3 Re5 48. Qd6 Rf5 49. Qc7 Rf4 50. Qe7 Kg6 51. Qd7 Kg7 52. Qe7 Rd4 53.
Qa7 Rd5 54. Kg2 Rf5 55. Kg3 Kg6 56. Qd7 Bd5 57. Qe8+ Bf7 58. Qf8 Rf4 59. Qd6 Kh6 60. Qf8+ Kg6 61. Qd6 Kg7 62. Qc7 Rc4 63. Qd7 Rh4 64.
Kf2 Rh8 65. Kg3 Re8 66. Qa7 Re5 67. f4 Rf5 68. fxg5 Rxg5+ 69. Kf4 Kg6 70. Qc7 Be6 71. Qd8 Rf5+ 72. Ke3 Re5+ 73. Kf4 Bd5 74. Qd6 Re4+ 75. Kg3 Re5 76. Kf4 Rf5+ 77. Kg3 Rg5+ 78. Kf4 Bf7 79.
Qf8 Rf5+ 80. Kg4 Rh5 81. Kf4 Rh4+ 82. Kg3 Rh7 83. Kf4 Rh1 84. Kg3 Rg1+ 85. Kf2 Rg5 86.
Ke3 Re5+ 87. Kf4 Re8 88. Qd6 Kg7 89. Kg3 Re5 90. Qd4 Bg6 91. Qd7+ Kh6 92. Qd8 Kg5 93.
Qd2+ Kf5 94. Qd3+ Kg5 95. Qd2+ Kf5 96. Qd7+ Kg5 97. Qd2+ 1/2-1/2

[Event "*** Titled Tuesday Blitz"]
[Site "Chess.com"]
[Date "2019.11.05"]
[Round "3"]
[White "Sajkochess"]
[Black "sofaceindisguise"]
[Result "1/2-1/2"]
[WhiteElo "2335"]
[BlackElo "2592"]
[TimeControl "180+2"]
[EndTime "13:43:32 PST"]
[Termination "Game drawn - insufficient material"]

1. e4 c5 2. Nf3 d6 3. d4 cxd4 4.
Nxd4 Nf6 5. Nc3 a6 6. g3 e5 7. Nde2 Be7 8. Bg2 O-O 9. O-O b5 10. Nd5 Bb7 11. Nec3 Nbd7 12. Be3 Rc8 13. Rc1 h6 14. h3 Re8 15. Qd2 Bf8 16. Rfd1 Nc5 17. f3 Nfd7 18. h4 Ne6 19. Bh3 Rc4 20. b3 Rc8 21.
Ne2 Nf6 22. Bb6 Qd7 23. Nxf6+ gxf6 24. Be3 h5 25. Nc3 Qc7 26. Nd5 Bxd5 27. exd5 Nd4 28. Bxd4 exd4 29. Bxc8 Qxc8 30. Qxd4 Qh3 31. Qf2 Bh6 32.
Re1 Rc8 33. Rcd1 Bg7 34. Re2 Qf5 35. Rde1 Kh7 36. Qd4 Qg6 37. Kh2 f5 38. Qd3 Rc3 39. Qd2 Rxf3 40. Qg5 Be5 41. Qxg6+ Kxg6 42. Rxe5 dxe5 43.
Rd1 Rf2+ 44. Kg1 Rxc2 45. d6 Rc8 46. d7 Rd8 47. Rd6+ f6 48. Kf2 Kf7 49. a4 bxa4 50. bxa4 a5 51. Rd5 Ke6 52. Rxa5 Rxd7 53. Ra6+ Kf7 54. Ke3 Rb7 55. a5 Rb3+ 56. Kf2 Ra3 57. Ra7+ Ke6 58. Ra6+ Kf7 59. Ra7+ Kg6 60. a6 f4 61. gxf4 exf4 62. Ra8 Kf5 63. a7 f3 64.
Rh8 Rxa7 65. Kxf3 Ra3+ 66. Kg2 Kg4 67. Rf8 Ra6 68. Rg8+ Kxh4 69. Rb8 Ra4 70. Kf3 Rg4 71. Rb6 Kg5 72. Rb5+ f5 73. Rb7 Rf4+ 74. Kg3 h4+ 75. Kg2 Ra4 76. Kf3 Ra3+ 77. Kf2 Kg4 78. Rg7+ Kf4 79. Rb7 Ra2+ 80. Kg1 h3 81. Rb4+ Kg3 82. Rb3+ Kg4 83. Rb8 f4 84. Rb3 Re2 85. Ra3 Re3 86. Ra8 Kf3 87. Ra1 Rb3 88. Kh2 Ke2 89. Ra2+ Ke3 90.
Kxh3 f3 91. Kg3 Rc3 92. Rb2 Rd3 93. Ra2 Rb3 94. Rf2 Ke4 95. Rc2 Rb8 96. Rc4+ Kd3 97. Rf4 Ke2 98. Re4+ Kd3 99. Kxf3 Rf8+ 100. Rf4 Rxf4+ 101. Kxf4 1/2-1/2

[Event "*** Titled Tuesday Blitz"]
[Site "Chess.com"]
[Date "2019.11.05"]
[Round "4"]
[White "PotapovaM"]
[Black "sandropozo"]
[Result "1/2-1/2"]
[WhiteElo "2453"]
[BlackElo "2631"]
[TimeControl "180+2"]
[EndTime "13:44:39 PST"]
[Termination "Game drawn by repetition"]

1. d4 d5 2. c4 e6 3. Nc3 a6 4. cxd5 exd5 5. Nf3 Nf6 6. Bg5 Be6 7. e3 Nbd7 8. Bd3 h6 9. Bf4 g5 10. Bg3 Nh5 11. Be5 Nhf6 12. Bg3 Nh5 13. Be5 Nhf6 14.
Bg3 1/2-1/2

[Event "*** Titled Tuesday Blitz"]
[Site "Chess.com"]
[Date "2019.11.05"]
[Round "4"]
[White "Vojtap"]
[Black "Siemba"]
[Result "1-0"]
[WhiteElo "2154"]
[BlackElo "2207"]
[TimeControl "180+2"]
[EndTime "13:46:05 PST"]
[Termination "Vojtap won by resignation"]

1. e4 c5 2. Nf3 Nc6 3. d4 cxd4 4. Nxd4 Nf6 5. Nc3 e5 6. Ndb5 d6 7. Bg5 a6 8. Na3 b5 9. Bxf6 gxf6 10. Nd5 f5 11. c3 fxe4 12. Bxb5 axb5 13. Nxb5 Ra5 14.
Nbc7+ 1-0

[Event "*** Titled Tuesday Blitz"]
[Site "Chess.com"]
[Date "2019.11.05"]
[Round "4"]
[White "zim0ne"]
[Black "Orest_Vovk"]
[Result "1-0"]
[WhiteElo "2629"]
[BlackElo "2419"]
[TimeControl "180+2"]
[EndTime "13:46:52 PST"]
[Termination "zim0ne won by resignation"]

1. Nf3 d5 2. c4 c6 3. g3 Bf5 4.
Bg2 Bxb1 5. Rxb1 e6 6. b3 Nf6 7. O-O Be7 8. Bb2 O-O 9. d3 Nbd7 10. e4 dxe4 11. dxe4 Nc5 12. e5 Nfe4 13. Nd4 f5 14. b4 Na4 15. Qxa4 Nd2 16. Nxe6 1-0

[Event "*** Titled Tuesday Blitz"]
[Site "Chess.com"]
[Date "2019.11.05"]
[Round "4"]
[White "joppie2"]
[Black "Zavgorodniy_Serg"]
[Result "1-0"]
[WhiteElo "2882"]
[BlackElo "2582"]
[TimeControl "180+2"]
[EndTime "13:46:55 PST"]
[Termination "joppie2 won by resignation"]

1. c4 e5 2. Nc3 Nf6 3. Nf3 d6 4. d4 Nbd7 5. e4 c6 6. Be2 Be7 7. O-O O-O 8. Re1 h6 9. Bf1 Nh7 10. d5 c5 11. a3 Ng5 12. Nd2 Re8 13. h4 Nh7 14. g3 Ndf8 15. b4 b6 16. Rb1 g5 17. h5 g4 18. Be2 Nf6 19. Nf1 Kg7 20. Ne3 Nxh5 21. Bxg4 1-0

[Event "*** Titled Tuesday Blitz"]
[Site "Chess.com"]
[Date "2019.11.05"]
[Round "4"]
[White "IvanRadivojevic"]
[Black "Bagirova"]
[Result "1-0"]
[WhiteElo "2469"]
[BlackElo "2105"]
[TimeControl "180+2"]
[EndTime "13:47:00 PST"]
[Termination "IvanRadivojevic won by resignation"]

1. e4 c5 2. Nc3 Nc6 3. f4 g6 4.
Nf3 Bg7 5. Bb5 d6 6. Bxc6+ bxc6 7. d3 e5 8. O-O Nf6 9. fxe5 dxe5 10. b3 Qd4+ 11.
Nxd4 cxd4 12. Ne2 O-O 13. Bg5 Ng4 14. h3 Ne3 15. Bxe3 dxe3 16. Qc1 Bh6 17. Qe1 f5 18. exf5 Bxf5 19. Ng3 Be6 20. Qe2 Bd5 21. Rxf8+ Rxf8 22. Rf1 Bf4 23. Ne4 Kg7 24. g3 1-0

[Event "*** Titled Tuesday Blitz"]
[Site "Chess.com"]
[Date "2019.11.05"]
[Round "4"]
[White "CzechmVIII"]
[Black "MathiasWomacka"]
[Result "0-1"]
[WhiteElo "2096"]
[BlackElo "2304"]
[TimeControl "180+2"]
[EndTime "13:47:01 PST"]
[Termination "MathiasWomacka won by resignation"]

1. e4 c5 2. Nf3 d6 3. d4 cxd4 4. Nxd4 Nf6 5. Nc3 a6 6. Bg5 e6 7. f4 h6 8. Bh4 Qb6 9. Bxf6 gxf6 10. Qd2 Qxb2 11. Nb3 Nd7 12. Be2 Nc5 13. O-O Bd7 14. Nxc5 Qb6 15. Kh1 Qxc5 16. Rab1 Rc8 17. Rf3 b5 18.
Bd3 Qxc3 0-1

[Event "*** Titled Tuesday Blitz"]
[Site "Chess.com"]
[Date "2019.11.05"]
[Round "4"]
[White "liczner"]
[Black "semchik73"]
[Result "1-0"]
[WhiteElo "2793"]
[BlackElo "2392"]
[TimeControl "180+2"]
[EndTime "13:47:19 PST"]
[Termination "liczner won by resignation"]

1. e4 Nf6 2. e5 Nd5 3. d4 d6 4.
c4 Nb6 5. exd6 cxd6 6. Nc3 g6 7. Be3 Bg7 8. Rc1 O-O 9. b3 e5 10. dxe5 dxe5 11. Qxd8 Rxd8 12. c5 Nd5 13. Rd1 Be6 14. Bc4 e4 15. Nxd5 Nc6 16. Ne2 Ne5 17. O-O Nd3 18.
Nef4 Nxf4 19. Bxf4 Rac8 20. Ne7+ 1-0

[Event "*** Titled Tuesday Blitz"]
[Site "Chess.com"]
[Date "2019.11.05"]
[Round "4"]
[White "ChessQueen"]
[Black "boasovietica"]
[Result "1-0"]
[WhiteElo "2673"]
[BlackElo "2442"]
[TimeControl "180+2"]
[EndTime "13:47:21 PST"]
[Termination "ChessQueen won by resignation"]

1. Nf3 c5 2. e4 g6 3. c3 d5 4. exd5 Qxd5 5. d4 cxd4 6. cxd4 Nf6 7. Nc3 Qd8 8. Bc4 Bg7 9. Ne5 O-O 10. O-O Nc6 11. Nxc6 bxc6 12. h3 Rb8 13. Re1 e6 14.
b3 Qc7 15. Qf3 Ra8 16. Bf4 Qd7 17. Be5 Nd5 18. Ne4 a5 19. Bxd5 cxd5 20. Nf6+ Bxf6 21. Qxf6 1-0

[Event "*** Titled Tuesday Blitz"]
[Site "Chess.com"]
[Date "2019.11.05"]
[Round "4"]
[White "dimke2802"]
[Black "Azatic"]
[Result "0-1"]
[WhiteElo "2434"]
[BlackElo "2638"]
[TimeControl "180+2"]
[EndTime "13:47:54 PST"]
[Termination "Azatic won by resignation"]

1. d4 Nf6 2. Nf3 g6 3. c4 Bg7 4.
g3 O-O 5. Bg2 c5 6. O-O Na6 7. Nc3 d6 8. h3 cxd4 9. Nxd4 Nc5 10. e4 Bd7 11. f4 e5 12. Nde2 Bc6 13. fxe5 Nfxe4 14. exd6 Nxd6 15. Bxc6 bxc6 16. Bf4 Nde4 17.
Qc2 Nxc3 18. Nxc3 Qd4+ 19. Qf2 Qxc4 20. Bd6 Bd4 0-1

[Event "*** Titled Tuesday Blitz"]
[Site "Chess.com"]
[Date "2019.11.05"]
[Round "4"]
[White "gross-aleks"]
[Black "vugarrasulov"]
[Result "0-1"]
[WhiteElo "2540"]
[BlackElo "2767"]
[TimeControl "180+2"]
[EndTime "13:48:00 PST"]
[Termination "vugarrasulov won by resignation"]

1. c4 c5 2. Nc3 Nc6 3. g3 g6 4.
Bg2 Bg7 5. Nf3 e6 6. d3 Nge7 7. O-O O-O 8. Rb1 d5 9. Bg5 h6 10. Bd2 Kh7 11. a3 b6 12. b4 cxb4 13. axb4 Bb7 14.
cxd5 exd5 15. b5 Na5 16. d4 Nc4 17. Bc1 Nf5 18. e3 Nfd6 19. Ne5 Nxe5 20. dxe5 Ne4 21. Nxe4 dxe4 22. Qa4 a6 23. Bxe4 axb5 24. Qb4 Ra4 25.
Bxb7 Rxb4 26. Rxb4 Qe7 0-1

[Event "*** Titled Tuesday Blitz"]
[Site "Chess.com"]
[Date "2019.11.05"]
[Round "4"]
[White "YQPerez"]
[Black "FairChess_on_YouTube"]
[Result "1-0"]
[WhiteElo "2879"]
[BlackElo "3022"]
[TimeControl "180+2"]
[EndTime "13:48:03 PST"]
[Termination "YQPerez won by resignation"]

1. e4 e6 2. d3 d5 3. Nd2 Nc6 4. Ngf3 Nf6 5. e5 Ng4 6. d4 f6 7. h3 Nxf2 8. Kxf2 fxe5 9. dxe5 Bc5+ 10. Kg3 O-O 11. Kh2 Ne7 12. Nb3 Bb6 13. c4 c5 14.
Bd3 h6 15. Qc2 Bd7 16. Bd2 Bc6 17. Rhf1 Rc8 18. Rad1 Bc7 19. Nxc5 Bd7 20. Nxb7 Qe8 21. Nd6 Qh5 22. g4 1-0

[Event "*** Titled Tuesday Blitz"]
[Site "Chess.com"]
[Date "2019.11.05"]
[Round "4"]
[White "Cruel_Yaro"]
[Black "Firouzja2003"]
[Result "1/2-1/2"]
[WhiteElo "2875"]
[BlackElo "3070"]
[TimeControl "180+2"]
[EndTime "13:48:17 PST"]
[Termination "Game drawn by repetition"]

1. e4 e5 2. Nf3 Nc6 3. Bb5 f5 4. d4 fxe4 5. Nxe5 Nxe5 6. dxe5 c6 7. Nc3 cxb5 8. Nxe4 d5 9. exd6 Nf6 10. Bg5 Qa5+ 11.
Nc3 b4 12. Bxf6 bxc3 13. Bxc3 Qb5 14. a4 Qc4 15. Qh5+ Qf7 16. Qb5+ Qd7 17. Qh5+ Qf7 18. Qb5+ Qd7 19. Qh5+ Qf7 1/2-1/2

[Event "*** Titled Tuesday Blitz"]
[Site "Chess.com"]
[Date "2019.11.05"]
[Round "4"]
[White "Alexander_Donchenko"]
[Black "maxip32"]
[Result "1-0"]
[WhiteElo "2764"]
[BlackElo "2484"]
[TimeControl "180+2"]
[EndTime "13:48:28 PST"]
[Termination "Alexander_Donchenko won by resignation"]

1. e4 c5 2. Nf3 d6 3. d4 cxd4 4. Nxd4 Nf6 5. Nc3 a6 6. h3 e5 7. Nde2 h5 8. g3 Be6 9. Bg2 Nbd7 10. a4 Be7 11. O-O Rc8 12. a5 Qc7 13. Be3 O-O 14. Qd2 Qb8 15. Rfc1 b5 16. axb6 Nxb6 17.
b3 Qb7 18. Ra5 Ra8 19. Rca1 Bd8 20. Qd3 Bc8 21. Qxd6 Bc7 22. Qd2 Rd8 23. Qc1 Nbd7 24. R5a4 Nb6 25. R4a2 Qc6 26. Nd5 Bb7 27. Ne7+ 1-0

[Event "*** Titled Tuesday Blitz"]
[Site "Chess.com"]
[Date "2019.11.05"]
[Round "4"]
[White "kleinebeer98"]
[Black "justantan"]
[Result "0-1"]
[WhiteElo "2678"]
[BlackElo "2849"]
[TimeControl "180+2"]
[EndTime "13:48:30 PST"]
[Termination "justantan won by resignation"]

1. e4 e5 2. Nf3 Nc6 3. d4 exd4 4. c3 d5 5. exd5 Qxd5 6. cxd4 Nf6 7. Nc3 Bb4 8. Bd2 Bxc3 9. bxc3 O-O 10. Be2 Ne4 11. O-O Nxd2 12. Qxd2 Bf5 13. Qf4 Rfe8 14. Rfe1 Qd7 15.
Bb5 Rxe1+ 16. Rxe1 Be6 17. Bd3 Bd5 18. Bxh7+ Kxh7 19.
Ng5+ Kg8 20. Qh4 Qf5 0-1

[Event "*** Titled Tuesday Blitz"]
[Site "Chess.com"]
[Date "2019.11.05"]
[Round "4"]
[White "Mikhail_Golubev"]
[Black "DrRiebert"]
[Result "1-0"]
[WhiteElo "2620"]
[BlackElo "2401"]
[TimeControl "180+2"]
[EndTime "13:48:34 PST"]
[Termination "Mikhail_Golubev won by resignation"]

1. e4 c5 2. Nf3 Nc6 3. Nc3 Nf6 4. Bb5 d6 5. d4 cxd4 6. Qxd4 Bd7 7. Bxc6 Bxc6 8.
Bg5 Qa5 9. O-O-O e5 10. Qd3 Rc8 11. Bxf6 gxf6 12. Nh4 d5 13. Nxd5 1-0

[Event "*** Titled Tuesday Blitz"]
[Site "Chess.com"]
[Date "2019.11.05"]
[Round "4"]
[White "Taron_Shagbazyan"]
[Black "Hadza_3"]
[Result "1-0"]
[WhiteElo "2702"]
[BlackElo "2385"]
[TimeControl "180+2"]
[EndTime "13:48:53 PST"]
[Termination "Taron_Shagbazyan won by checkmate"]

1. d4 Nf6 2. c4 g6 3. g3 Bg7 4. Bg2 d6 5. Nc3 O-O 6. e3 Nbd7 7. Nge2 e5 8. O-O Re8 9. b3 Qe7 10. Qc2 e4 11. g4 h6 12. h3 g5 13. Ng3 Nf8 14.
Ncxe4 Ng6 15. Nxf6+ Qxf6 16. Nh5 Qe7 17. Nxg7 Kxg7 18.
Bb2 f6 19. Rae1 h5 20. gxh5 Nh4 21. f4 Bf5 22. Qf2 Bd3 23. fxg5 fxg5 24. d5+ Kh6 25.
Bf6 Qd7 26. Bxg5+ Kxg5 27. Qf6+ Kxh5 28. Rf4 Ng6 29. Bf3+ Kh6 30. Rh4# 1-0